 Dungeon Crawl Stone Soup version 0.20.1-1-g8b1a95d (webtiles) character file.

32 polve the Changer (level 3, 0/26 HPs)
             Began as a Merfolk Transmuter on Aug 6, 2017.
             Slain by a goblin
             ... wielding a +0 dagger
             ... led by Robin
              (2 damage)
             ... on level 2 of the Dungeon.
             The game lasted 00:01:21 (818 turns).

polve the Changer (Merfolk Transmuter)               Turns: 818, Time: 00:01:22

Health: 0/26       AC:  2    Str: 10    XL:     3   Next: 27%
Magic:  6/6        EV: 13    Int: 13    God:
Gold:   62         SH:  0    Dex: 14    Spells: 0/6 levels left

rFire    . . .     SeeInvis .   i - +2 dagger (speed)
rCold    . . .     Gourm    .   (no shield)
rNeg     . . .     Faith    .   b - +0 robe
rPois    .         Spirit   .   (no helmet)
rElec    .         Reflect  .   (no cloak)
rCorr    .         Harm     .   (no gloves)
MR       .....                  (no boots)
Stlth    +.........             (no amulet)
Regen    0.1/turn               (no ring)
MPRegen  0.1/turn               (no ring)

@: no status effects
A: change form in water, swift swim, stealthy swim
a: no special abilities


You were on level 2 of the Dungeon.
You were not hungry.

You visited 1 branch of the dungeon, and saw 2 of its levels.

You collected 62 gold pieces.

Inventory:

Hand Weapons
 i - a +2 dagger of speed (weapon)
Missiles
 a - 12 arrows (quivered)
Armour
 b - a +0 robe (worn)
Scrolls
 e - a scroll of magic mapping {unknown}
 g - a scroll of enchant weapon {unknown}
 h - 2 scrolls of identify {unknown}
 j - a scroll of teleportation {unknown}
 k - a scroll of remove curse {unknown}
Books
 c - a book of Changes

   Spells                             Type                      Level
   a - Beastly Appendage              Transmutation                1
   b - Sticks to Snakes               Transmutation                2
   c - Spider Form                    Transmutation/Poison         3
   d - Ice Form                       Ice/Transmutation            4
   e - Blade Hands                    Transmutation                5
Comestibles
 d - a bread ration
 f - 2 chunks of flesh


   Skills:
 - Level 1.1 Fighting
 - Level 2.6 Dodging
 - Level 3.2 Unarmed Combat
 - Level 2.0 Spellcasting
 - Level 4.6 Transmutations
 + Level 0.7 Poison Magic


You couldn't memorise any spells.
You knew the following spells:

 Your Spells              Type           Power        Failure   Level  Hunger
a - Beastly Appendage     Tmut           ##....       3%          1    ##.....
b - Sticks to Snakes      Tmut           ##......     6%          2    ###....
c - Spider Form           Tmut/Pois      #.........   26%         3    ####...


Dungeon Overview and Level Annotations

Branches:
Dungeon (2/15)

Altars:

Annotations:
D:2 Robin


Message History

Your horns disappear.
The goblin shouts! x2
The goblin shoots a stone.
The stone barely misses you.
Robin roars a battlecry!
The goblin goes into a battle-frenzy!
The goblin shoots a stone.
The stone hits you but does no damage.
You see here a stone.
You see here 3 stones.
You see here a stone.
Robin roars a battlecry!
You see here a stone.
A giant cockroach comes into view.
Robin throws the goblin at you!
* * * LOW HITPOINT WARNING * * *
You hit the goblin.
The goblin is heavily wounded.
The goblin hits you with a dagger!
* * * LOW HITPOINT WARNING * * *
The goblin hits you with a dagger.
You die...

....... #.#........g.g.
........##...)....##..g?
........#....#........##
........#...g#.#......##
........#..(.gg.....ggg#
..........g(g.....###...
........#.(g.###....g...
s.......g(.g.###.....<.#
#...##@#........<......
. #g########..รท.....
#.# #.......# ..#
#.......# .## #.......#
.. #.......# ..
#######.# ... .. #


You could see Robin, a giant cockroach (sleeping), a hobgoblin and 7 goblins.

Vanquished Creatures
  A leopard gecko (D:2)
  A ball python (D:1)
  3 bats (D:1)
  7 goblins
  A hobgoblin (D:2)
  6 jackals
  A frilled lizard (D:1)
  4 kobolds (D:1)
  2 rats
26 creatures vanquished.

Notes
Turn   | Place    | Note
-------+----------+-------------------------------------------
     0 | D:1      | polve the Merfolk Transmuter began the quest for the Orb.
     0 | D:1      | Reached XP level 1. HP: 15/15 MP: 3/3
    20 | D:1      | Reached skill level 3 in Transmutations
   112 | D:1      | Reached XP level 2. HP: 18/21 MP: 3/5
   127 | D:1      | Learned a level 2 spell: Sticks to Snakes
   132 | D:1      | Reached skill level 4 in Transmutations
   593 | D:2      | Reached XP level 3. HP: 18/26 MP: 6/6
   602 | D:2      | Learned a level 3 spell: Spider Form
   704 | D:2      | Noticed Robin
   818 | D:2      | Slain by a goblin

Skill      XL: |  1  2 |
---------------+-------+-----
Transmutations | 3 4 |  4.6
Fighting       | |  1.1
Dodging        | |  2.6
Unarmed Combat | |  3.2
Spellcasting   | |  2.0
Poison Magic   | |  0.7

Action                   || total
-------------------------++-------
Melee: Unarmed           ||    31
       Headbutt          ||     7
       Dagger            ||    43
 Cast: Beastly Appendage ||    10
Armor: Robe              ||    18
Dodge: Dodged            ||    54
